[Event "ICC tourney 3253 (40 10)"]
[Site "Internet Chess Club"]
[Date "2023.08.05"]
[Round "3"]
[White "DU, CALVIN:TheOrcaPro"]
[Black "Malhotra, Rehaan:MrRap"]
[Result "1-0"]
[ICCResult "Black checkmated"]
[WhiteElo "1886"]
[BlackElo "1372"]
[Opening "Sicilian: Najdorf, Zagreb (fianchetto) variation"]
[ECO "B91"]
[NIC "SI.14"]
[Time "15:31:46"]
[PlyCount "135"]
[TimeControl "2400+10"]

1. e4 c5 2. Nf3 d6 3. d4 cxd4 4. Nxd4 Nf6 5. Nc3 a6 6. g3 b5 7. a3 Bb7 8.
Bg2 Nbd7 9. O-O e6 10. h3 Be7 11. Be3 Nc5 12. f3 O-O 13. Qd2 Qc7 14. Nb3
Nxb3 15. cxb3 d5 16. exd5 Nxd5 17. Nxd5 Bxd5 18. f4 Bxg2 19. Qxg2 Bc5 20.
Qf2 Bxe3 21. Qxe3 Qa7 22. Kf2 Qxe3+ 23. Kxe3 Rac8 24. Rac1 f6 25. Rc3 Rxc3+
26. bxc3 Rc8 27. Kd3 Kf7 28. Re1 Ke7 29. Re4 Rd8+ 30. Kc2 Rd5 31. c4 bxc4
32. Rxc4 Kd6 33. b4 e5 34. fxe5+ fxe5 35. Rh4 h6 36. Rg4 g5 37. h4 Rd4 38.
Rxd4+ exd4 39. hxg5 hxg5 40. Kd3 Kd5 41. g4 Ke5 42. a4 Kd5 43. a5 Kc6 44.
Kxd4 Kd6 45. Ke4 Kc6 46. Kf5 Kb5 47. Kxg5 Kxb4 48. Kf4 Kxa5 49. g5 Kb5 50.
g6 a5 51. g7 a4 52. g8=Q a3 53. Qa2 Kb4 54. Ke3 Ka4 55. Kd2 Kb4 56. Kc2 Ka4
57. Qb3+ Ka5 58. Qxa3+ Kb5 59. Qc3 Kb6 60. Kb3 Kb5 61. Qc4+ Kb6 62. Kb4 Kb7
63. Qc5 Kb8 64. Qc6 Ka7 65. Qb5 Ka8 66. Kc5 Ka7 67. Kc6 Ka8 68. Qb7#
{Black checkmated}
1-0

[Event "ICC tourney 3253 (40 10)"]
[Site "Internet Chess Club"]
[Date "2023.08.05"]
[Round "3"]
[White "Lin, Owen:OLin23"]
[Black "TANG, OWEN:OwenT477"]
[Result "1-0"]
[ICCResult "Black checkmated"]
[WhiteElo "1508"]
[BlackElo "1775"]
[Opening "Queen's pawn game, Darooha variation "]
[ECO "D02"]
[NIC "QP.08"]
[Time "15:31:58"]
[PlyCount "175"]
[TimeControl "2400+10"]

1. d4 d5 2. Nf3 Nf6 3. g3 Bf5 4. Bg2 c6 5. Nbd2 e6 6. O-O Bd6 7. Re1 O-O 8.
c4 Nbd7 9. b3 h6 10. Bb2 Bb4 11. cxd5 exd5 12. a3 Bd6 13. Ne5 Re8 14. f4 Ne4
15. Nxe4 Bxe4 16. Bxe4 dxe4 17. e3 Nf6 18. Qc2 Rc8 19. Rad1 Qe7 20. Nc4 Nd5
21. Nxd6 Qxd6 22. b4 Qg6 23. Kf2 Qh5 24. Kg1 Qg6 25. Kg2 h5 26. h3 f5 27.
Qe2 Re6 28. Kh2 Qf7 29. Rg1 Kf8 30. Rd2 Ke7 31. b5 g6 32. bxc6 Rexc6 33. Rg2
Qe6 34. Qe1 Kf7 35. Qg1 Qe7 36. Rd1 Rc2 37. Rc1 Rxc1 38. Bxc1 Rc3 39. Re2
Qc7 40. Bb2 Rc2 41. Qf2 Rxe2 42. Qxe2 a6 43. Kg2 Ke6 44. Kf2 Qb6 45. Bc1 Qb3
46. g4 hxg4 47. hxg4 Nc3 48. gxf5+ gxf5 49. Qd2 Kd5 50. Kg3 Qc4 51. Kh4 Qc8
52. Bb2 Nb5 53. a4 Nd6 54. Qg2 Qh8+ 55. Kg3 Nc4 56. Bc1 Qc8 57. Qa2 Qg8+ 58.
Kf2 Qh7 59. Qb3 Qh2+ 60. Ke1 Qg1+ 61. Ke2 b6 62. Qc3 Qg2+ 63. Ke1 Qh1+ 64.
Ke2 Qh5+ 65. Ke1 Qe8 66. Qb3 Qg8 67. Qc3 Qe8 68. Qb3 Qc6 69. Bd2 Qh6 70. Kd1
Qh1+ 71. Kc2 Qg2 72. Qc3 Qf1 73. Qb3 Qa1 74. Bc3 Qa3 75. Qxa3 Nxa3+ 76. Kd2
Kc4 77. Bb2 Kb3 78. Bxa3 Kxa3 79. d5 Kxa4 80. d6 b5 81. d7 b4 82. d8=Q b3
83. Kc3 a5 84. Qd7+ Ka3 85. Qd6+ Ka2 86. Qd2+ Ka3 87. Qb2+ Ka4 88. Qxb3#
{Black checkmated}
1-0

[Event "ICC tourney 3253 (40 10)"]
[Site "Internet Chess Club"]
[Date "2023.08.05"]
[Round "3"]
[White "S.M, UMER:uncrackable"]
[Black "SULTAN, BASHIR Cisse:muzikmixer"]
[Result "1/2-1/2"]
[ICCResult "Game drawn by mutual agreement"]
[WhiteElo "1826"]
[BlackElo "1618"]
[Opening "Old Indian: Tartakower (Wade) variation"]
[ECO "A41"]
[NIC "QO.17"]
[Time "15:31:42"]
[PlyCount "45"]
[TimeControl "2400+10"]

1. d4 d6 2. Nf3 Bg4 3. e4 e6 4. h3 Bh5 5. Be2 Nf6 6. Nc3 d5 7. e5 Nfd7 8.
Bg5 Qc8 9. Qd2 c5 10. Nb5 Bxf3 11. Bxf3 cxd4 12. Nd6+ Bxd6 13. exd6 Nc6 14.
O-O-O O-O 15. Rhe1 f6 16. Bf4 Nb6 17. Bg4 f5 18. Bf3 Qd7 19. b3 Rae8 20. Be5
Nxe5 21. Rxe5 Qxd6 22. Qxd4 Kh8 23. Kb1 {Game drawn by mutual agreement}
1/2-1/2

[Event "ICC tourney 3253 (40 10)"]
[Site "Internet Chess Club"]
[Date "2023.08.05"]
[Round "3"]
[White "WU, DARREN:chessboy111"]
[Black "STINSON, RUSSELL:rcstinson"]
[Result "1-0"]
[ICCResult "Black checkmated"]
[WhiteElo "1369"]
[BlackElo "1573"]
[Opening "Sicilian: accelerated fianchetto, Maróczy bind, 5...Bg7"]
[ECO "B37"]
[NIC "SI.48"]
[Time "15:31:46"]
[PlyCount "75"]
[TimeControl "2400+10"]

1. e4 c5 2. c4 Nc6 3. Ne2 g6 4. d4 cxd4 5. Nxd4 Bg7 6. Nc2 Nf6 7. Nc3 O-O 8.
Be2 d6 9. Be3 Ne8 10. Nd4 Nxd4 11. Bxd4 f5 12. f3 fxe4 13. Nxe4 e5 14. Bc3
Be6 15. b3 Qb6 16. Nf2 e4 17. Nxe4 Bxc3+ 18. Nxc3 Ng7 19. Qd2 Nf5 20. O-O-O
a5 21. h4 Ne3 22. Rdg1 d5 23. cxd5 Rfd8 24. Bd3 Bxd5 25. Re1 Rac8 26. Kb1
Nc4 27. Bxc4 Bxc4 28. Qb2 Bd3+ 29. Ka1 Rc6 30. Re7 Rdc8 31. Nd5 Rc1+ 32.
Rxc1 Rxc1+ 33. Qxc1 Qd4+ 34. Qc3 Qg1+ 35. Re1 Qxg2 36. Re8+ Kf7 37. Qf6+
Kxe8 38. Qe7# {Black checkmated} 1-0

[Event "ICC tourney 3253 (40 10)"]
[Site "Internet Chess Club"]
[Date "2023.08.05"]
[Round "4"]
[White "SCHWETKE, DOUGLAS:Bilbo"]
[Black "Lin, Owen:OLin23"]
[Result "1-0"]
[ICCResult "Black resigns"]
[WhiteElo "1500"]
[BlackElo "1508"]
[Opening "Catalan opening"]
[ECO "E00"]
[NIC "CA.01"]
[Time "17:45:38"]
[PlyCount "67"]
[TimeControl "2400+10"]

1. d4 e6 2. c4 Nf6 3. g3 Nc6 4. Bg2 d5 5. Nf3 Bb4+ 6. Bd2 Bxd2+ 7. Nbxd2 O-O
8. O-O Re8 9. Qc2 Bd7 10. Rfe1 Qe7 11. e4 dxe4 12. Nxe4 Nxe4 13. Rxe4 Qf8
14. Rae1 Rad8 15. Ng5 h6 16. Rh4 g6 17. Ne4 Kg7 18. Qd2 g5 19. Nxg5 Qe7 20.
Ne4 Rh8 21. Qf4 f6 22. Qg4+ Kf8 23. Nc5 Bc8 24. Rxe6 Bxe6 25. Nxe6+ Ke8 26.
Qg6+ Kd7 27. Bh3 Kc8 28. Re4 Kb8 29. Nxd8 Qxd8 30. Qg7 Nxd4 31. Rxd4 Qe8 32.
Rd7 Rg8 33. Qe7 Qh5 34. Rd8+ {Black resigns} 1-0

[Event "ICC tourney 3253 (40 10)"]
[Site "Internet Chess Club"]
[Date "2023.08.05"]
[Round "4"]
[White "ZHANG, ARI:brass60Six"]
[Black "BOGIN, THEODORE:tbogin1"]
[Result "1-0"]
[ICCResult "Black resigns"]
[WhiteElo "1387"]
[BlackElo "1800"]
[Opening "King's Indian defense, 3.Nc3"]
[ECO "E61"]
[NIC "KI.80"]
[Time "17:47:20"]
[PlyCount "85"]
[TimeControl "2400+10"]

1. d4 Nf6 2. c4 g6 3. Nc3 Bg7 4. Nf3 O-O 5. e3 d6 6. Bd3 Re8 7. O-O e5 8.
dxe5 dxe5 9. Be2 Nc6 10. e4 Nd4 11. Bg5 h6 12. Bh4 g5 13. Bg3 Nh5 14. Bxe5
Nxe2+ 15. Qxe2 Bxe5 16. Nxe5 Nf4 17. Qe3 Rxe5 18. Rad1 Qe7 19. Rd4 b6 20.
Rfd1 Be6 21. b3 Ra5 22. R1d2 Ng6 23. a4 Ne5 24. Nb5 a6 25. Nc3 Nc6 26. R4d3
b5 27. cxb5 axb5 28. Nxb5 Nb4 29. Rc3 Rxb5 30. Rd4 Rb6 31. Rd2 Rd6 32. Rxd6
Qxd6 33. h3 c5 34. Rxc5 Nc6 35. Qc3 Nd4 36. Kh1 Nxb3 37. Rc6 Rxa4 38. Rxd6
Rxe4 39. Rd8+ Kh7 40. Qh8+ Kg6 41. Qg8+ Kf5 42. Qh7+ Kf6 43. Qxe4
{Black resigns}
1-0

[Event "ICC tourney 3253 (40 10)"]
[Site "Internet Chess Club"]
[Date "2023.08.05"]
[Round "4"]
[White "HONG, HUNTER:hunterhong"]
[Black "WU, DARREN:chessboy111"]
[Result "0-1"]
[ICCResult "White checkmated"]
[WhiteElo "1420"]
[BlackElo "1369"]
[Opening "Caro-Kann: advance variation"]
[ECO "B12"]
[NIC "CK.02"]
[Time "17:45:52"]
[PlyCount "70"]
[TimeControl "2400+10"]

1. e4 c6 2. d4 d5 3. e5 c5 4. c3 Nc6 5. Nf3 cxd4 6. cxd4 Bg4 7. Be2 e6 8. a3
Nge7 9. Be3 Nf5 10. Nc3 Qb6 11. b4 Bxf3 12. Bxf3 Ncxd4 13. Na4 Nxf3+ 14.
Qxf3 Qc6 15. Nc5 Nxe3 16. Qxe3 Bxc5 17. bxc5 O-O 18. O-O Rac8 19. Rfc1 f6
20. exf6 Rxf6 21. Rab1 Rg6 22. f3 Re8 23. Qb3 Re7 24. a4 e5 25. Rb2 Kh8 26.
Re2 e4 27. fxe4 dxe4 28. Qb4 h6 29. Rce1 e3 30. g3 Qf3 31. c6 Re4 32. Qxb7
Rxg3+ 33. hxg3 Qxg3+ 34. Rg2 Qxe1+ 35. Kh2 Rh4# {White checkmated} 0-1

[Event "ICC tourney 3253 (40 10)"]
[Site "Internet Chess Club"]
[Date "2023.08.05"]
[Round "4"]
[White "Malhotra, Rehaan:MrRap"]
[Black "JAIN, ANKITA:AnkitaJ"]
[Result "0-1"]
[ICCResult "White checkmated"]
[WhiteElo "1372"]
[BlackElo "1542"]
[Opening "French: advance, Paulsen attack"]
[ECO "C02"]
[NIC "FR.03"]
[Time "17:45:43"]
[PlyCount "118"]
[TimeControl "2400+10"]

1. e4 e6 2. d4 d5 3. e5 c5 4. c3 Nc6 5. Nf3 cxd4 6. cxd4 Bb4+ 7. Bd2 Bxd2+
8. Qxd2 Nge7 9. Nc3 a6 10. Bd3 Bd7 11. O-O Qb6 12. Na4 Qc7 13. Nc5 Nxd4 14.
Nxd4 Qxc5 15. Nf3 Ng6 16. Rac1 Qb6 17. Rc3 O-O 18. Bxg6 fxg6 19. Rfc1 Rac8
20. Rb3 Rxc1+ 21. Qxc1 Qc6 22. Rc3 Qb5 23. Rb3 Qc6 24. Rc3 Qb5 25. Rb3 Qc6
26. Rc3 Qb6 27. Rb3 Qa7 28. Rc3 Qb8 29. Rc7 Rc8 30. Rxc8+ Bxc8 31. Qc5 Bd7
32. h3 h6 33. Qe7 Qe8 34. Qd6 Kf7 35. Nd2 Qe7 36. Qb6 Bc6 37. Nb3 Qg5 38.
Qc7+ Kg8 39. Qc8+ Kf7 40. g3 Qxe5 41. Kh2 Qxb2 42. Qc7+ Kg8 43. Qb8+ Kh7 44.
Qf4 Qf6 45. Qe3 e5 46. Nc5 d4 47. Qe2 Qf3 48. Qf1 e4 49. Ne6 Qf6 50. Nc5 e3
51. f4 Bb5 52. Qe1 Qf7 53. a4 Bxa4 54. Nxa4 Qa2+ 55. Kg1 Qxa4 56. Qe2 Qb4
57. Qd1 Qd2 58. Qf3 e2 59. Kf2 e1=Q# {White checkmated} 0-1

[Event "ICC tourney 3253 (40 10)"]
[Site "Internet Chess Club"]
[Date "2023.08.05"]
[Round "4"]
[White "TANG, OWEN:OwenT477"]
[Black "Hamlett, James Morrison:Hamlett144"]
[Result "1-0"]
[ICCResult "Black resigns"]
[WhiteElo "1775"]
[BlackElo "1400"]
[Opening "French defense"]
[ECO "C11"]
[NIC "FR.05"]
[Time "17:47:52"]
[PlyCount "59"]
[TimeControl "2400+10"]

1. e4 e6 2. d4 d5 3. Nc3 Nf6 4. Bg5 h6 5. Bxf6 Qxf6 6. exd5 Bb4 7. dxe6 Bxe6
8. Nf3 Nd7 9. Be2 O-O-O 10. O-O Nc5 11. a3 Bxc3 12. bxc3 g5 13. Qb1 Ne4 14.
Qb2 g4 15. Ne5 Nd2 16. Rfd1 Ne4 17. Nd3 h5 18. Rab1 b6 19. f3 gxf3 20. Bxf3
Ng5 21. Rf1 Nxf3+ 22. Rxf3 Qh6 23. Qb5 Bd5 24. Rf2 Rhg8 25. Nb4 Bb7 26. d5
Rd6 27. Re1 h4 28. c4 h3 29. g3 Rdg6 30. Re8+ {Black resigns} 1-0

[Event "ICC tourney 3253 (40 10)"]
[Site "Internet Chess Club"]
[Date "2023.08.05"]
[Round "4"]
[White "STINSON, RUSSELL:rcstinson"]
[Black "HAO, RYAN:Ryan334"]
[Result "0-1"]
[ICCResult "White checkmated"]
[WhiteElo "1573"]
[BlackElo "1609"]
[Opening "Giuoco Piano"]
[ECO "C54"]
[NIC "IG.02"]
[Time "17:45:38"]
[PlyCount "76"]
[TimeControl "2400+10"]

1. e4 e5 2. Nf3 Nc6 3. Bc4 Bc5 4. c3 Nf6 5. d3 d6 6. Bb3 Bg4 7. Nbd2 O-O 8.
h3 Bh5 9. g4 Bg6 10. Nf1 d5 11. g5 dxe4 12. gxf6 exf3 13. fxg7 Kxg7 14. Qd2
Qxd3 15. Qh6+ Kh8 16. Ng3 f5 17. Bg5 f4 18. Rd1 Bxf2+ 19. Kxf2 Qe3+ 20. Kf1
Bd3+ 21. Rxd3 Qxd3+ 22. Kf2 fxg3+ 23. Kxg3 f2+ 24. Kh4 Qe4+ 25. Kg3 Qf3+ 26.
Kh4 f1=Q 27. Rxf1 Qxf1 28. Bd5 Qe1+ 29. Kh5 Qd1+ 30. Kh4 Qxd5 31. Bf6+ Rxf6
32. Qxf6+ Kg8 33. Qg5+ Kf7 34. Qf5+ Ke7 35. Qxh7+ Qf7 36. Qc2 Qf4+ 37. Kh5
Rh8+ 38. Kg6 Qf6# {White checkmated} 0-1

[Event "ICC tourney 3253 (40 10)"]
[Site "Internet Chess Club"]
[Date "2023.08.05"]
[Round "4"]
[White "CUI, CHRIS:chriscui"]
[Black "RAMKUMAR, NIKHIL:nikhilramkumar"]
[Result "1-0"]
[ICCResult "Black checkmated"]
[WhiteElo "1386"]
[BlackElo "1799"]
[Opening "Caro-Kann: exchange variation"]
[ECO "B13"]
[NIC "CK.02"]
[Time "17:45:55"]
[PlyCount "173"]
[TimeControl "2400+10"]

1. e4 c6 2. d4 d5 3. exd5 cxd5 4. Bd3 Nc6 5. c3 Nf6 6. h3 g6 7. Nf3 Bg7 8.
Bf4 e6 9. O-O O-O 10. Nbd2 Nh5 11. Bh2 Re8 12. Re1 Bd7 13. Ne5 Nf6 14. Kh1
Re7 15. Ndf3 Ne8 16. Qd2 f6 17. Ng4 e5 18. dxe5 Bxg4 19. hxg4 fxe5 20. Bc2
e4 21. Ng1 Ne5 22. Bb3 Rd7 23. f3 Kh8 24. Qe2 Qh4 25. g3 Qf6 26. fxe4 dxe4
27. Qxe4 Rd2 28. Re2 Rxe2 29. Qxe2 Nd6 30. Rf1 Qg5 31. Rf4 Re8 32. Nf3 Nxf3
33. Qxf3 Qc5 34. Qf2 Qc6+ 35. Qg2 Qb6 36. Bg1 Qd8 37. Bd4 Bxd4 38. Rxd4 Qg5
39. Qd2 Qf6 40. Rf4 Qe5 41. Qd4 Qxd4 42. Rxd4 Ne4 43. Kg2 Ng5 44. Rd2 Re7
45. Ba4 a6 46. Rd8+ Kg7 47. Rd7 Kf6 48. Rxe7 Kxe7 49. Bb3 Kd6 50. Bc2 Kc5
51. Kf2 b5 52. Ke3 Kd5 53. Bb3+ Ke5 54. Bg8 h5 55. gxh5 gxh5 56. a3 Ne4 57.
Kf3 Nd2+ 58. Kg2 Ne4 59. Bf7 Nf6 60. Kh3 Ne4 61. Bxh5 Nc5 62. Bf3 Na4 63.
Bb7 Nc5 64. Bc8 a5 65. b4 axb4 66. cxb4 Ne4 67. Bd7 Nd6 68. Kg4 Kd4 69. Kf4
Kc3 70. Ke5 Nf7+ 71. Kf6 Nh6 72. Bxb5 Kb3 73. Be2 Ng8+ 74. Ke6 Ka4 75. g4
Nh6 76. g5 Ng8 77. Kf7 Nf6 78. gxf6 Kxa3 79. Ke6 Kxb4 80. f7 Kc5 81. f8=Q+
Kb6 82. Qd6+ Kb7 83. Qc5 Ka8 84. Bf3+ Kb8 85. Qb6+ Kc8 86. Qb7+ Kd8 87. Qd7#
{Black checkmated}
1-0

[Event "ICC tourney 3253 (40 10)"]
[Site "Internet Chess Club"]
[Date "2023.08.05"]
[Round "4"]
[White "SULTAN, BASHIR Cisse:muzikmixer"]
[Black "DU, CALVIN:TheOrcaPro"]
[Result "0-1"]
[ICCResult "White resigns"]
[WhiteElo "1618"]
[BlackElo "1886"]
[Opening "English opening"]
[ECO "A17"]
[NIC "EO.64"]
[Time "17:45:40"]
[PlyCount "150"]
[TimeControl "2400+10"]

1. c4 Nf6 2. Nc3 e6 3. Nf3 d5 4. e3 b6 5. cxd5 exd5 6. d4 Nbd7 7. Bd3 Bb7 8.
O-O Bb4 9. a3 Bxc3 10. bxc3 O-O 11. c4 dxc4 12. Bxc4 Ne4 13. Nd2 Ndf6 14.
Nxe4 Nxe4 15. f3 Nd6 16. Bb3 Qe7 17. e4 Rfd8 18. a4 c5 19. Ba3 Qg5 20. d5
Rac8 21. Qc1 Qxc1 22. Raxc1 f6 23. Rf2 Ba6 24. Rfc2 Re8 25. Bb2 Kf8 26. a5
c4 27. Ba3 cxb3 28. Rxc8 Rxc8 29. Rxc8+ Bxc8 30. Bxd6+ Ke8 31. Ba3 bxa5 32.
g3 Kd8 33. Kf2 Kc7 34. Ke3 Kb6 35. Kd4 Kb5 36. f4 Ka4 37. Bb2 Kb4 38. e5 Bf5
39. d6 a4 40. Bc3+ Ka3 41. Kd5 b2 42. Bxb2+ Kxb2 43. e6 a3 44. d7 a2 45.
d8=Q a1=Q 46. e7 Bg6 47. Kc5 Qg1+ 48. Kd6 Qd4+ 49. Ke6 Qc4+ 50. Kd6 Qa6+ 51.
Kc7 Qb6+ 52. Kd7 Qb5+ 53. Kc7 Qa5+ 54. Kd7 Qf5+ 55. Kc7 Qc2+ 56. Kd7 Qa4+
57. Kc7 Qa5+ 58. Kd7 Qd5+ 59. Kc7 Qa5+ 60. Kd7 Qa4+ 61. Kc7 a5 62. Qd2+ Qc2+
63. Qxc2+ Kxc2 64. f5 Bf7 65. Kd8 a4 66. e8=Q Bxe8 67. Kxe8 a3 68. Kf7 a2
69. Kxg7 a1=Q 70. Kxh7 Kd3 71. h4 Qg1 72. h5 Qxg3 73. h6 Qg5 74. Kh8 Qxh6+
75. Kg8 Qg5+ {White resigns} 0-1

[Event "ICC tourney 3253 (40 10)"]
[Site "Internet Chess Club"]
[Date "2023.08.05"]
[Round "5"]
[White "TANG, OWEN:OwenT477"]
[Black "SCHWETKE, DOUGLAS:Bilbo"]
[Result "1-0"]
[ICCResult "Black resigns"]
[WhiteElo "1775"]
[BlackElo "1500"]
[Opening "Pirc defense"]
[ECO "B07"]
[NIC "PU.07"]
[Time "20:00:14"]
[PlyCount "37"]
[TimeControl "2400+10"]

1. e4 d6 2. d4 Nf6 3. Nc3 g6 4. Be3 a6 5. f3 b5 6. Qd2 Nc6 7. O-O-O b4 8.
Nd5 Nxd5 9. exd5 Na7 10. Qxb4 Bf5 11. Bxa6 Rb8 12. Qc4 Bg7 13. g4 Bc8 14.
Bxc8 Qxc8 15. Qa4+ c6 16. Qxa7 cxd5 17. Qa4+ Kf8 18. Rd3 Qb7 19. Rb3
{Black resigns}
1-0

[Event "ICC tourney 3253 (40 10)"]
[Site "Internet Chess Club"]
[Date "2023.08.05"]
[Round "5"]
[White "Hamlett, James Morrison:Hamlett144"]
[Black "Lin, Owen:OLin23"]
[Result "0-1"]
[ICCResult "White resigns"]
[WhiteElo "1400"]
[BlackElo "1508"]
[Opening "Sicilian: Grand Prix attack"]
[ECO "B23"]
[NIC "SI.44"]
[Time "20:00:25"]
[PlyCount "60"]
[TimeControl "2400+10"]

1. e4 c5 2. Nc3 Nc6 3. f4 e6 4. Nf3 d5 5. Bb5 a6 6. Bxc6+ bxc6 7. O-O Nf6 8.
e5 Nd7 9. d3 Bb7 10. a4 Be7 11. Qe1 a5 12. Ne2 Qb6 13. b3 c4+ 14. Nfd4 cxb3
15. cxb3 c5 16. Nb5 c4+ 17. d4 cxb3 18. Bd2 Bc6 19. Nec3 Bb4 20. Qg3 Bxb5
21. axb5 Qxd4+ 22. Rf2 b2 23. Rb1 Nc5 24. Qxg7 Rf8 25. Qg3 Nd3 26. Be3 Qxc3
27. Bd2 Qc2 28. Bxb4 Qxb1+ 29. Rf1 Qxf1+ 30. Kxf1 b1=Q+ {White resigns} 0-1

[Event "ICC tourney 3253 (40 10)"]
[Site "Internet Chess Club"]
[Date "2023.08.05"]
[Round "5"]
[White "HONG, HUNTER:hunterhong"]
[Black "Malhotra, Rehaan:MrRap"]
[Result "1-0"]
[ICCResult "Black checkmated"]
[WhiteElo "1420"]
[BlackElo "1372"]
[Opening "Sicilian: dragon variation"]
[ECO "B70"]
[NIC "SI.15"]
[Time "20:02:19"]
[PlyCount "133"]
[TimeControl "2400+10"]

1. e4 c5 2. Nf3 d6 3. d4 cxd4 4. Nxd4 Nf6 5. Nc3 g6 6. Bd3 Bg7 7. O-O O-O 8.
Be3 Nc6 9. Nf3 Bg4 10. h3 Bxf3 11. Qxf3 Ne5 12. Qe2 Nxd3 13. cxd3 e6 14. f4
Qd7 15. Qf2 a6 16. Bd4 Rfe8 17. Qh4 e5 18. Be3 Qe6 19. fxe5 dxe5 20. Bg5 Nd7
21. Nd5 f5 22. Ne7+ Kh8 23. exf5 gxf5 24. Nxf5 Bf6 25. Bxf6+ Nxf6 26. Ne3
Rf8 27. Rf2 Qb6 28. Nc4 Qc5 29. Rf1 Nd5 30. d4 exd4 31. Rxf8+ Rxf8 32. Rxf8+
Qxf8 33. Qxd4+ Nf6 34. Nd6 b5 35. Ne4 Kg7 36. Nxf6 Qxf6 37. Qxf6+ Kxf6 38.
Kf2 Ke5 39. Ke3 a5 40. g4 a4 41. a3 h6 42. h4 Kd5 43. g5 hxg5 44. hxg5 Ke5
45. g6 Kf6 46. Kd4 Kxg6 47. Kc5 Kf6 48. Kxb5 Ke6 49. Kxa4 Kd5 50. b4 Kc6 51.
b5+ Kb6 52. Kb4 Kb7 53. a4 Ka7 54. a5 Kb7 55. Kc5 Ka7 56. a6 Ka8 57. b6 Kb8
58. Kc6 Ka8 59. b7+ Kb8 60. a7+ Kxa7 61. Kc7 Ka6 62. b8=Q Ka5 63. Kc6 Ka4
64. Kc5 Ka3 65. Kc4 Ka2 66. Kc3 Ka1 67. Qb2# {Black checkmated} 1-0

[Event "ICC tourney 3253 (40 10)"]
[Site "Internet Chess Club"]
[Date "2023.08.05"]
[Round "5"]
[White "RAMKUMAR, NIKHIL:nikhilramkumar"]
[Black "STINSON, RUSSELL:rcstinson"]
[Result "1-0"]
[ICCResult "Black resigns"]
[WhiteElo "1799"]
[BlackElo "1573"]
[Opening "Sicilian: closed"]
[ECO "B23"]
[NIC "SI.44"]
[Time "20:04:56"]
[PlyCount "97"]
[TimeControl "2400+10"]

1. e4 c5 2. Nc3 e6 3. f4 d5 4. Nf3 Nc6 5. Bb5 d4 6. Ne2 Nf6 7. d3 Be7 8.
Bxc6+ bxc6 9. O-O O-O 10. Qe1 Qb6 11. Qg3 Nh5 12. Qh3 g6 13. g4 Ng7 14. Kh1
f5 15. Rg1 Rf7 16. gxf5 exf5 17. Qh6 Ne8 18. Ne5 Rg7 19. Ng3 Bf6 20. exf5
Bxf5 21. Nxf5 gxf5 22. Rxg7+ Nxg7 23. Qxf6 Rf8 24. Qxf8+ Kxf8 25. Nd7+ Ke7
26. Nxb6 axb6 27. Bd2 Nh5 28. a4 Kf6 29. a5 bxa5 30. Rxa5 Ng7 31. Rxc5 Ne6
32. Rxc6 h5 33. b4 h4 34. b5 h3 35. b6 Kf7 36. Rxe6 Kxe6 37. b7 Kd5 38. b8=Q
Kc6 39. Qc8+ Kb5 40. Qxf5+ Ka6 41. Qa5+ Kb7 42. Qc5 Ka6 43. Qb4 Ka7 44. Qb5
Ka8 45. f5 Ka7 46. f6 Ka8 47. f7 Ka7 48. Ba5 Ka8 49. f8=Q+ {Black resigns}
1-0

[Event "ICC tourney 3253 (40 10)"]
[Site "Internet Chess Club"]
[Date "2023.08.05"]
[Round "5"]
[White "JAIN, ANKITA:AnkitaJ"]
[Black "ZHANG, ARI:brass60Six"]
[Result "1-0"]
[ICCResult "Black checkmated"]
[WhiteElo "1542"]
[BlackElo "1387"]
[Opening "QGD: 3...Nf6"]
[ECO "D35"]
[NIC "QO.16"]
[Time "20:01:43"]
[PlyCount "115"]
[TimeControl "2400+10"]

1. d4 d5 2. c4 e6 3. Nc3 Nf6 4. e3 Nc6 5. Nf3 Bd6 6. Bd3 dxc4 7. Bxc4 O-O 8.
O-O e5 9. d5 Ne7 10. e4 h6 11. h3 Ng6 12. Re1 Bd7 13. Be3 a6 14. a4 Bb4 15.
Qc2 Qe7 16. Bd2 Rac8 17. Qb3 Ra8 18. Bd3 Rfc8 19. Be3 Bd6 20. Nd2 b6 21.
Rec1 Be8 22. Rc2 Nd7 23. Ne2 Nc5 24. Bxc5 Bxc5 25. Rac1 Nf8 26. Ng3 Bd7 27.
Nf3 Ng6 28. Ne2 Qf6 29. Bc4 Bxh3 30. gxh3 Nh4 31. Nxh4 Qxf2+ 32. Kh1 Qxh4
33. Qf3 Rd8 34. Kh2 Rd6 35. Ng3 Rg6 36. Rf1 Qe7 37. d6 Rxd6 38. Nf5 Qd7 39.
Nxd6 Qxd6 40. Qxf7+ Kh8 41. Rg2 g5 42. Rf6 Qf8 43. Qxf8+ Rxf8 44. Rxf8+ Bxf8
45. Rd2 Bd6 46. Rf2 Kg7 47. Bxa6 h5 48. Rg2 Kf6 49. Rf2+ Kg7 50. Rf5 Kg6 51.
Bc8 h4 52. Be6 Kh6 53. Kg2 Kg6 54. Kf3 Kh6 55. Kg4 Be7 56. Rf7 Bd6 57. Bf5
Bc5 58. Rh7# {Black checkmated} 1-0

[Event "ICC tourney 3253 (40 10)"]
[Site "Internet Chess Club"]
[Date "2023.08.05"]
[Round "5"]
[White "DU, CALVIN:TheOrcaPro"]
[Black "S.M, UMER:uncrackable"]
[Result "0-1"]
[ICCResult "White resigns"]
[WhiteElo "1886"]
[BlackElo "1826"]
[Opening "Sicilian defense"]
[ECO "B40"]
[NIC "SI.43"]
[Time "20:00:22"]
[PlyCount "98"]
[TimeControl "2400+10"]

1. e4 c5 2. Nf3 e6 3. c3 Nf6 4. e5 Nd5 5. d4 cxd4 6. cxd4 b6 7. a3 Bb7 8.
Bd3 Be7 9. O-O O-O 10. Bd2 d6 11. Re1 Nd7 12. Nc3 dxe5 13. Nxe5 Nxe5 14.
dxe5 Nxc3 15. Bxc3 Qd5 16. Be4 Qxd1 17. Raxd1 Bxe4 18. Rxe4 Rfd8 19. Red4
Rxd4 20. Rxd4 Kf8 21. Kf1 Ke8 22. Ke2 Rc8 23. f4 Bxa3 24. Kf3 Bc5 25. Ra4 a5
26. Re4 Kd7 27. g4 Kc6 28. f5 Rd8 29. Ke2 Kb5 30. Rf4 Rd7 31. h4 Bb4 32.
Bxb4 axb4 33. b3 Kc5 34. Rc4+ Kd5 35. fxe6 Kxe6 36. Rxb4 Kxe5 37. Ke3 Rb7
38. Rb5+ Kd6 39. Rb4 b5 40. Rd4+ Kc6 41. Kf4 b4 42. h5 h6 43. Kf5 Rb5+ 44.
Kf4 g6 45. hxg6 fxg6 46. Rd8 h5 47. gxh5 gxh5 48. Ke4 Rg5 49. Kd3 Rd5+
{White resigns}
0-1